 Dungeon Crawl Stone Soup version 0.20-a0-1039-gf554463 (console) character file.

47 r4s the Caller (level 3, -3/26 HPs)
             Began as a Barachi Summoner on Apr 22, 2017.
             Slain by a gnoll
             ... wielding a +0 halberd
              (8 damage)
             ... on level 3 of the Dungeon.
             The game lasted 00:10:35 (1750 turns).

r4s the Caller (Barachi Summoner)                   Turns: 1750, Time: 00:10:36

Health: -3/26      AC:  2    Str:  9    XL:     3   Next: 70%
Magic:  1/7        EV: 12    Int: 16    God:
Gold:   147        SH:  0    Dex: 12    Spells: 1/7 levels left

rFire    . . .     SeeInvis +   n - +0 dagger (freeze)
rCold    . . .     Gourm    .   (no shield)
rNeg     . . .     Faith    .   a - +0 robe
rPois    .         Spirit   .   (no helmet)
rElec    .         Reflect  .   (no cloak)
rCorr    .         Harm     .   (no gloves)
MR       .....                  (no boots)
Stlth    ++........             (no amulet)
Regen    0.1/turn               r - ring of see invisible
MPRegen  0.1/turn               (no ring)

@: slow
A: +LOS, swims, slowness 1, strong legs 1
a: Hop


You were on level 3 of the Dungeon.
You were not hungry.

You visited 1 branch of the dungeon, and saw 3 of its levels.

You collected 147 gold pieces.

Inventory:

Hand Weapons
 n - a +0 dagger of freezing (weapon)
 p - a +0 spear
 q - a +0 whip
Missiles
 e - 96 stones (quivered)
 f - 46 bolts
 v - 18 arrows
Armour
 a - a +0 robe (worn)
 j - a +0 scale mail
 m - a +0 ring mail
 o - a +0 shield
 t - a +0 leather armour
Jewellery
 r - a ring of see invisible (left hand)
 u - an uncursed ring of teleportation
Scrolls
 d - a scroll of amnesia {unknown}
 k - a scroll of fear
 s - a scroll of identify {unknown}
Potions
 i - a potion of curing {unknown}
Books
 b - a book of Callings

   Spells                             Type                      Level
   a - Summon Small Mammal            Summoning                    1
   b - Call Imp                       Summoning                    2
   c - Call Canine Familiar           Summoning                    3
   d - Summon Guardian Golem          Hexes/Summoning              3
   e - Summon Lightning Spire         Summoning/Air                4
   f - Summon Ice Beast               Ice/Summoning                4
Comestibles
 c - 2 bread rations
 g - 3 fruits
 h - 4 royal jellies
 l - a chunk of flesh


   Skills:
 * Level 1.2 Fighting
 + Level 2.2 Dodging
 * Level 2.7 Stealth
 + Level 2.8 Spellcasting
 + Level 5.0 Summonings


You had one spell level left.
You knew the following spells:

 Your Spells              Type           Power        Failure   Level  Hunger
a - Summon Small Mammal   Summ           ###.         2%          1    #......
b - Call Imp              Summ           ###.....     3%          2    ##.....
c - Summon Guardian Gole  Hex/Summ       ##......     21%         3    ###....


Dungeon Overview and Level Annotations

Branches:
Dungeon (3/15)

Altars:
Makhleb
Qazlal
The Shining One


Innate Abilities, Weirdness & Mutations

Shadows flee at your approach. (+LOS)
You can swim through water.
You cover ground slowly.
You can hop short distances.


Message History

Casting: Call Imp
Confirm with . or Enter, or press ? or * to list all spells.
Casting: Summon Small Mammal
Confirm with . or Enter, or press ? or * to list all spells.
Your bat hits the gnoll but does no damage.
The gnoll closely misses you.
The gnoll hits your white imp with a halberd of protection!
Your white imp gestures at the gnoll.
The puff of frost hits the gnoll.
Your bat hits the gnoll but does no damage.
Your bat hits the gnoll. The gnoll barely misses you.
The gnoll hits your white imp with a halberd of protection!
Your white imp dies!
Your bat hits the gnoll. The gnoll barely misses your bat.
The gnoll hits you but does no damage.
Your bat closely misses the gnoll.
Your bat hits the gnoll.
The gnoll hits you from afar with a halberd of protection!
* * * LOW HITPOINT WARNING * * *
The gnoll hits you with a halberd!
You die...

######## # ###......# .# .
.....##.###.##### ###
>...###.#.#........... ..#
.o.....ggb.....#.########.#
....###.g.b.##........<##.#
###@#.##.#######.##.#
#.#.##.## #.##.# #.......#
#.##.# ###.##..# ###.#..#
#.##..# #......#
##.##..####.#....#
#...........###..#
#..##..).#### #..#
#..##.##.# #..#


You could see 3 gnolls and 2 friendly bats.

Vanquished Creatures
  A dart slug (D:2)
  A leopard gecko (D:3)
  An orc (D:3)
  A giant cockroach (D:2)
  A hobgoblin (D:2)
  A bat (D:2)
  3 frilled lizards
  5 rats
14 creatures vanquished.

Vanquished Creatures (collateral kills)
  2 adders
  2 oozes (D:1)
  A worm (D:2)
  A dart slug (D:1)
  A giant cockroach (D:2)
  3 goblins
  2 hobgoblins
  5 bats
  2 kobolds (D:1)
  4 rats
23 creatures vanquished.

Grand Total: 37 creatures vanquished

Notes
Turn   | Place    | Note
-------+----------+-------------------------------------------
     0 | D:1      | r4s the Barachi Summoner began the quest for the Orb.
     0 | D:1      | Reached XP level 1. HP: 13/13 MP: 3/3
    76 | D:1      | Reached skill level 5 in Summonings
    76 | D:1      | Reached XP level 2. HP: 3/19 MP: 3/5
   787 | D:2      | Reached XP level 3. HP: 25/25 MP: 0/6
  1381 | D:2      | Found a burning altar of Makhleb.
  1389 | D:2      | Found a stormy altar of Qazlal.
  1392 | D:2      | Found a glowing golden altar of the Shining One.
  1510 | D:2      | Reached skill level 1 in Fighting
  1688 | D:3      | Learned a level 2 spell: Call Imp
  1692 | D:3      | Learned a level 3 spell: Summon Guardian Golem
  1750 | D:3      | Slain by a gnoll

Vault maps used:
D:1:      erik_arrival_gehennom
D:2:      grunt_temple_overflow_diamond, kennysheep_boxes
D:3:      uniq_robin

Skill      XL: |  1  2  3 |
---------------+----------+-----
Stealth        | 2 |  2.7
Summonings     | 5 |  5.0
Fighting       | 1 |  1.2
Dodging        | |  2.2
Spellcasting   | |  2.8

Action                   || total
-------------------------++-------
Melee: Unarmed           ||    26
       Dagger            ||    45
 Cast: Summon Small Mamm ||    49
       Call Imp          ||     3
 Abil: Hop               ||     2
  Use: Scroll            ||     3
 Stab: Sleeping          ||     6
       Distracted        ||     1
  Eat: Chunk             ||     4
Armor: Robe              ||    32
Dodge: Dodged            ||    85
